 Dungeon Crawl Stone Soup version 0.20.0-15-g7f486f2 (webtiles) character file.

135 sankara the Digger (level 4, -8/35 HPs)
             Began as a Draconian Earth Elementalist on June 25, 2017.
             Mangled by an orc warrior
             ... wielding a +0 glaive
              (12 damage)
             ... on level 3 of the Dungeon.
             The game lasted 00:08:39 (4153 turns).

sankara the Digger (Draconian Earth Elementalist)   Turns: 4153, Time: 00:08:40

Health: -8/35      AC:  6    Str: 11    XL:     4   Next: 96%
Magic:  0/8        EV: 12    Int: 15    God:
Gold:   86         SH:  0    Dex: 12    Spells: 7/8 levels left

rFire    . . .     SeeInvis .   a - +0 dagger (curse)
rCold    . . .     Gourm    .   (no shield)
rNeg     . . .     Faith    .   (armour unavailable)
rPois    .         Spirit   .   (helmet restricted)
rElec    .         Reflect  .   (no cloak)
rCorr    .         Harm     .   (no gloves)
MR       .....                  e - +0 pair of boots
Stlth    ++........             (no amulet)
Regen    0.2/turn               (no ring)
MPRegen  0.2/turn               (no ring)

@: no status effects
A: unfitting armour, cold-blooded, AC +5
a: no special abilities


You were on level 3 of the Dungeon.
You were hungry.

You visited 1 branch of the dungeon, and saw 3 of its levels.

You collected 86 gold pieces.

Inventory:

Hand Weapons
 a - a cursed +0 dagger (weapon)
 t - a +3 dagger of venom
Missiles
 b - 51 stones (quivered)
Armour
 e - a +0 pair of boots (worn)
Scrolls
 h - a scroll of enchant weapon
Potions
 i - 6 potions of curing {unknown}
 j - a potion of degeneration {unknown}
 m - a potion of heal wounds {unknown}
 p - a potion of ambrosia {unknown}
 q - a potion of haste
Books
 d - a book of Geomancy

   Spells                             Type                      Level
   a - Sandblast                      Earth                        1
   b - Passwall                       Transmutation/Earth          2
   c - Stone Arrow                    Conjuration/Earth            3
   d - Petrify                        Transmutation/Earth          4
   e - Lee's Rapid Deconstruction     Earth                        5
Comestibles
 c - 4 bread rations
 f - a royal jelly
 k - 2 fruits
 l - a meat ration


   Skills:
 + Level 1.5 Fighting
 + Level 2.5 Dodging
 - Level 1.7 Stealth
 + Level 2.9 Spellcasting
   Level 1.0 Transmutations
 * Level 4.3 Earth Magic


You had 7 spell levels left.
You knew the following spells:

 Your Spells              Type           Power        Failure   Level  Hunger
a - Sandblast             Erth           ###...       3%          1    #......


Dungeon Overview and Level Annotations

Branches:
Dungeon (3/15)

Altars:
Kikubaaqudgha
Nemelex Xobeh
Trog
Yredelemnul

Annotations:
D:3 Sigmund; Sunburn's ghost, amateur OgFE


Innate Abilities, Weirdness & Mutations

Your plain brown scales are hard. (AC +5)
You cannot fit into any form of body armour.
You are cold-blooded and may be slowed by cold attacks.


Message History

The magic dart hits you!
The orc warrior hits you from afar with a glaive!
* * * LOW HITPOINT WARNING * * *
Casting: Sandblast
Confirm with . or Enter, or press ? or * to list all spells.
Aiming: Sandblast
Press: ? - help, Shift-Dir - straight line, f/p - orc warrior
Aim: an orc warrior, wielding a glaive and wearing a chain mail (almost dead)
The blast of sand hits the orc warrior.
The orc warrior is almost dead.
b - 51 stones The orc wizard completely misses you.
You hit the orc wizard.
Your tail-slap misses the orc wizard.
The orc wizard is lightly wounded.
The orc warrior closely misses you.
The orc wizard hits you but does no damage.
The orc wizard gestures wildly while chanting.
The orc wizard blinks!
The orc warrior hits you from afar with a glaive!
You die...

.. .# .# .# #
.#####
#o####......
#..@§o#
#.....###.#
#.### #(# #.#
#o# #K# ##
#.######..
#........#
#..#####.####


You could see an orc warrior and an orc.

Vanquished Creatures
  An orc wizard (D:3)
  3 adders (D:2)
  4 dart slugs
  2 leopard geckos
  4 orcs
  5 bats
  4 giant cockroaches
  5 goblins
  11 hobgoblins
  2 quokkas (D:2)
  A ball python (D:2)
  6 frilled lizards
  5 kobolds
  15 rats
68 creatures vanquished.

Notes
Turn   | Place    | Note
-------+----------+-------------------------------------------
     0 | D:1      | sankara the Draconian Earth Elementalist began the quest for the Orb.
     0 | D:1      | Reached XP level 1. HP: 14/14 MP: 3/3
   655 | D:1      | Reached XP level 2. HP: 20/20 MP: 5/5
  1161 | D:1      | Reached XP level 3. HP: 22/26 MP: 6/6
  1655 | D:2      | Found a sparkling altar of Nemelex Xobeh.
  1655 | D:2      | Found a bloodstained altar of Trog.
  1657 | D:2      | Found an ancient bone altar of Kikubaaqudgha.
  1657 | D:2      | Found a basalt altar of Yredelemnul.
  2013 | D:2      | Reached skill level 4 in Earth Magic
  2013 | D:2      | Reached XP level 4. HP: 29/34 MP: 6/8
  3010 | D:3      | Noticed Sigmund
  3078 | D:3      | Reached skill level 1 in Fighting
  3496 | D:3      | Noticed an orc warrior
  3824 | D:3      | Noticed Sunburn's ghost (amateur OgFE)
  4153 | D:3      | Mangled by an orc warrior

Skill      XL: |  1  2  3  4 |
---------------+-------------+-----
Dodging        | 2 |  2.5
Earth Magic    | 4 |  4.3
Fighting       | 1 |  1.5
Stealth        | |  1.7
Spellcasting   | |  2.9
Transmutations | |  1.0

Action                   |  1- 3 |  4- 6 || total
-------------------------+-------+-------++-------
Melee: Unarmed           |    22 |       ||    22
       Club              |    28 |       ||    28
       Tailslap          |    18 |    13 ||    31
       Dagger            |   100 |   134 ||   234
 Cast: Sandblast         |     4 |    33 ||    37
  Use: Scroll            |       |     5 ||     5
 Stab: Sleeping          |     6 |     1 ||     7
       Distracted        |     1 |       ||     1
  Eat: Chunk             |     4 |     6 ||    10
Armor: Skin              |    45 |    50 ||    95
Dodge: Dodged            |   106 |   115 ||   221
